 Dungeon Crawl Stone Soup version 0.14.0-20-g75a2fc2 (webtiles) character file.

392 MDvedh the Stinger (level 6, -5/32 HPs)
             Began as a Gargoyle Venom Mage on Apr 21, 2014.
             Killed by divine providence
             ... invoked by an orc priest
              (11 damage)
             ... on Level 4 of the Dungeon.
             The game lasted 00:10:27 (5279 turns).

MDvedh the Stinger (Gargoyle Venom Mage)            Turns: 5279, Time: 00:10:27

HP  -5/32        AC 12     Str 14      XL: 6   Next: 21%
MP   3/10        EV  9     Int 15      God:
Gold 125         SH  0     Dex 10      Spells:  2 memorised,  4 levels left

rFire  . . .     SeeInvis .     d - +0,+1 morningstar
rCold  . . .     Clarity  .     q - +0 ring mail
rNeg   + . .     Conserve .     (no shield)
rPois  +         rCorr    .     j - +0 helmet
rElec  +         rRot     +     (no cloak)
SustAb . .       Spirit   .     (no gloves)
rMut   .         Warding  .     g - +0 pair of boots
Saprov . . .     Stasis   .     (no amulet)
MR     .....                    (no ring)
                                (no ring)

@: radiating poison, not resistant to hostile enchantments, unstealthy
A: life protection 1, electricity resistance, unbreathing, petrification
resistance, AC +4
a: no special abilities


You were on level 4 of the Dungeon.
You were hungry.

You visited 1 branch of the dungeon, and saw 4 of its levels.

You collected 125 gold pieces.

Inventory:

Hand weapons
 d - a +0,+1 morningstar (weapon)
 k - a +0,+0 club
 m - a +1,+0 mace
Armour
 g - a +0 pair of boots (worn)
 j - a +0 helmet (worn)
 n - a +2 scale mail
 q - a +0 ring mail (worn)
Comestibles
 c - 2 bread rations
 h - 8 grapes
Scrolls
 f - a scroll of remove curse
 i - 2 scrolls of identify
Potions
 a - a potion of invisibility
 l - a potion of might
 o - a potion of curing
Books
 b - a Young Poisoner's Handbook

   Spells                             Type                      Level
   *Sting                             Conjuration/Poison           1
   Cure Poison                        Poison                       2
   Mephitic Cloud                     Conjuration/Poison/Air       3
   *Olgreb's Toxic Radiance           Poison                       4
   Venom Bolt                         Conjuration/Poison           5


   Skills:
 - Level 3.4 Armour
 - Level 1.5 Dodging
 - Level 2.1 Stealth
 - Level 2.0 Spellcasting
 + Level 6.4 Poison Magic


You had 4 spell levels left.
You knew the following spells:

 Your Spells              Type           Power        Failure   Level  Hunger
a - Sting                 Conj/Pois      ##..         10%         1    #......
b - Olgreb's Toxic Radia  Pois           ###.....     24%         4    #####..


Dungeon Overview and Level Annotations

Branches:
Dungeon (4/15)
 Temple: D:4-7

Altars:
Nemelex Xobeh

Annotations:
D:2 Sigmund


Innate Abilities, Weirdness & Mutations

You are resistant to torment.
You are immune to poison.
You are immune to rotting.
Your stone body is very resilient (AC +4).
You resist negative energy.
You are resistant to electric shocks.
You can survive without breathing.
You are immune to petrification.


Message History

You barely miss the orc priest.
The orc priest is severely wounded.
The orc priest barely misses you.
The orc priest hits you but does no damage.
Unknown command.
You barely miss the orc priest.
The orc priest is almost dead.
The orc priest looks more healthy.
The orc priest closely misses you.
The orc priest calls upon Beogh to heal the orc priest.
The orc priest is healed somewhat.
Unknown command.
Casting: Olgreb's Toxic Radiance
Confirm with . or Enter, or press ? or * to list all spells.
You begin to radiate toxic energy.
The orc priest is poisoned.
The orc priest is poisoned.
The orc priest hits you with a hand axe.
* * * LOW HITPOINT WARNING * * *
The orc priest mumbles some strange prayers to Beogh against you.
Something smites you!
You die...

##### ... #....... .##...#
####....#.....## .......#
#.......#.....##
........######......##......#
.............................
.............................
..............................
...........[..................
.......([...o@<...............
....o........####............
...#...$.#)..###...#.........
.........#..!.##.............
.....#####...##...........##
.... #...####..........# ...
##### #........... .
#........... ####....#...


You could see 2 orc priests.

Vanquished Creatures
  An orc priest (D:3)
  A worker ant (D:4)
  An ogre skeleton (D:3)
  9 adders
  A shadow imp (D:3)
  3 worms (D:2)
  A giant gecko (D:3)
  An ooze (D:3)
  22 orcs
  2 ball pythons
  6 bats
  6 goblins
  6 hobgoblins
  A quokka (D:3)
  3 giant cockroaches
  3 giant newts
  4 kobolds
  An orc zombie (D:3)
  A quokka skeleton (D:4)
  11 rats
84 creatures vanquished.

Notes
Turn   | Place    | Note
--------------------------------------------------------------
     0 | D:1      | MDvedh, the Gargoyle Venom Mage, began the quest for the Orb.
     0 | D:1      | Reached XP level 1. HP: 10/10 MP: 3/3
   155 | D:1      | Reached skill level 1 in Armour
   585 | D:1      | Reached XP level 2. HP: 15/15 MP: 2/4
  1293 | D:2      | Reached XP level 3. HP: 11/19 MP: 6/6
  1766 | D:2      | Noticed Sigmund
  2091 | D:2      | Found a sparkling altar of Nemelex Xobeh.
  2161 | D:2      | Reached XP level 4. HP: 18/24 MP: 2/7
  3172 | D:3      | Learned a level 4 spell: Olgreb's Toxic Radiance
  3249 | D:3      | Reached skill level 5 in Poison Magic
  3249 | D:3      | Reached XP level 5. HP: 7/28 MP: 3/9
  4191 | D:3      | Reached skill level 6 in Poison Magic
  4418 | D:3      | Reached XP level 6. HP: 13/32 MP: 10/10
  5279 | D:4      | Killed from afar by an orc priest

Action                   |  1- 3 |  4- 6 || total
-------------------------+-------+-------++-------
Melee: Unarmed           |    83 |       ||    83
       Club              |     5 |    72 ||    77
       Mace              |       |    22 ||    22
       Morningstar       |       |   103 ||   103
 Cast: Sting             |    65 |    47 ||   112
       Olgreb's Toxic Ra |       |     8 ||     8
  Use: Potion            |     2 |     1 ||     3
       Scroll            |       |     8 ||     8
